 Dungeon Crawl Stone Soup version 0.27-a0-1186-g8b4daa1eef (webtiles) character file.

Game seed: 1301759625655707467

56 karrick the Caller (level 3, -3/26 HPs)
             Began as a Gnoll Summoner on May 19, 2021.
             Killed by divine providence
             ... invoked by an orc priest
              (12 damage)
             ... on level 3 of the Dungeon.
             The game lasted 00:03:03 (2500 turns).

karrick the Caller (Gnoll Summoner)                 Turns: 2500, Time: 00:03:04

Health: -3/26      AC:  2    Str:  8    XL:     3   Next: 97%
Magic:  4/9        EV: 13    Int: 14    God:
Gold:   75         SH:  0    Dex: 12    Spells: 6/12 levels left

rFire    . . .     SeeInvis .   b - +0 dagger
rCold    . . .     Faith    .   (no shield)
rNeg     . . .     Spirit   .   a - +0 robe
rPois    .         Reflect  .   (no helmet)
rElec    .         Harm     .   (no cloak)
rCorr    .         Rampage  .   (no gloves)
Will     .....                  (no boots)
Stlth    ++........             (no amulet)
HPRegen  0.08/turn              (no ring)
MPRegen  0.11/turn              (no ring)

@: no status effects
A: fangs 1, strong nose, distributed training
a: no special abilities


You were on level 3 of the Dungeon.
You visited 1 branch of the dungeon, and saw 3 of its levels.

You collected 75 gold pieces.

Inventory:

Hand Weapons
 b - a +0 dagger (weapon)
Armour
 a - a +0 robe (worn)
 c - a +0 buckler
Scrolls
 d - 3 scrolls of identify {unknown}
 e - a scroll of teleportation {unknown}
 f - 2 scrolls of enchant armour {unknown}
 i - a scroll of fog {unknown}
Potions
 g - 2 potions of curing {unknown}
 h - a potion of heal wounds {unknown}
 j - a potion of brilliance {unknown}
 k - a potion of berserk rage {unknown}
 l - a potion of attraction {unknown}


   Skills:
 + Level 1.0 Fighting
 + Level 1.0 Short Blades
 + Level 1.0 Long Blades
 + Level 1.0 Axes
 + Level 1.0 Maces & Flails
 + Level 1.0 Polearms
 + Level 1.0 Staves
 + Level 1.0 Slings
 + Level 1.0 Bows
 + Level 1.0 Crossbows
 + Level 1.0 Throwing
 + Level 1.0 Armour
 + Level 4.6 Dodging
 + Level 4.2 Stealth
 + Level 1.0 Shields
 + Level 1.0 Unarmed Combat
 + Level 5.0 Spellcasting
 + Level 0.7 Conjurations
 + Level 0.7 Hexes
 + Level 7.1 Summonings
 + Level 0.7 Necromancy
 + Level 0.7 Translocations
 + Level 0.7 Transmutations
 + Level 0.7 Fire Magic
 + Level 0.7 Ice Magic
 + Level 0.7 Air Magic
 + Level 0.7 Earth Magic
 + Level 0.7 Poison Magic
 + Level 1.1 Invocations
 + Level 1.0 Evocations


You had 6 spell levels left.
You knew the following spells:

 Your Spells              Type           Power      Damage    Failure   Level
a - Summon Small Mammal   Summ           92%        N/A       1%          1
b - Call Imp              Summ           23%        N/A       1%          2
c - Call Canine Familiar  Summ           23%        N/A       2%          3

Your spell library contained the following spells:

 Spells                   Type           Power      Damage    Failure   Level
 Summon Guardian Golem    Hex/Summ       14%        N/A       11%         3
 Animate Skeleton         Necr           10%        N/A       13%         1
 Pain                     Necr           20%        1d5       13%         1
 Summon Ice Beast         Ice/Summ       14%        N/A       34%         4
 Summon Lightning Spire   Summ/Air       14%        N/A       34%         4
 Confusing Touch          Hex            5%         N/A       36%         3
 Gell's Gravitas          Tloc           2%         N/A       36%         3
 Vampiric Draining        Necr           2%         2d6       36%         3
 Animate Dead             Necr           2%         N/A       77%         4
 Petrify                  Tmut/Erth      5%         N/A       77%         4
 Agony                    Necr           5%         N/A       98%         5
 Metabolic Englaciation   Hex/Ice        2%         N/A       98%         5
 Yara's Violent Unravell  Hex/Tmut       2%         3d3       98%         5


Dungeon Overview and Level Annotations

Branches:
Dungeon (3/15)

Altars:


Innate Abilities, Weirdness & Mutations

You have very sharp teeth.
Your uncanny sense of smell can sniff out nearby items.
Your experience applies equally to all skills.


Message History

You swap places.
Your white imp gestures at the orc.
The puff of frost hits the orc!
The orc dies!
There is an open door here.
Your white imp gestures at the orc priest.
The puff of frost hits the orc priest.
The orc priest hits your white imp with a +0 hand axe!
The orc priest hits your white imp but does no damage.
Something hits your white imp.
Your hound bites the orc priest but does no damage.
Your white imp gestures at the orc priest.
The puff of frost hits the orc priest!
Your white imp closely misses the orc priest.
The orc priest invokes the aid of Beogh against your white imp.
Your white imp is smitten.
Your white imp dies!
Casting: Call Imp (safe; 1% risk of failure)
Confirm with . or Enter, or press ? or * to list all spells.
A shadowy apparition takes form in the air.
The orc priest shouts!
You hear an angry hiss.
Your hound bites the orc priest but does no damage.
An adder comes into view.
Your white imp misses the orc priest.
The orc priest hits your hound with a +0 hand axe.
The orc priest barely misses your white imp.
Your hound bites the orc priest but does no damage.
The orc hits you with a +0 hand axe.
The orc hits your hound but does no damage.
The orc hits your white imp but does no damage.
You hit the orc but do no damage.
Your hound bites the orc priest.
The orc priest hits your hound but does no damage.
The orc priest hits your white imp with a +0 hand axe.
Your white imp barely misses the orc.
Unknown command.
You hit the orc but do no damage.
Your hound bites the orc priest but does no damage.
The orc priest calls down the wrath of Beogh upon you.
Beogh smites you!
You die...

######## #......# #......#
########......# .......'...)..#
.#######......# #'......#
#.#####......# #..S.5@o.....#
#######oh..).########
....oo.o5.#.........# #
###################.# .######
####.......# #.#
......###..........##########.###
........'.......†...............>
#......##..........##############
#......##..........#


You could see an orc priest (ally target), an adder, 2 orcs, a friendly hound
(summoned), a friendly white imp (summoned) and a friendly shadow imp
(summoned).

Vanquished Creatures
  An adder (D:3)
  An endoplasm (D:2)
  2 giant cockroaches (D:1)
  A hobgoblin (D:2)
  A jackal (D:1)
  2 kobolds
  2 ball pythons (D:2)
  3 bats
  A goblin (D:1)
  3 rats
17 creatures vanquished.

Vanquished Creatures (collateral kills)
  2 adders (D:3)
  2 dart slugs
  An orc (D:3)
  A ball python (D:2)
  3 endoplasms (D:1)
  3 giant cockroaches (D:1)
  2 goblins (D:1)
  3 hobgoblins (D:1)
  3 jackals (D:1)
  2 kobolds (D:1)
  A quokka (D:1)
  A bat (D:1)
  A frilled lizard (D:1)
  2 rats (D:1)
27 creatures vanquished.

Grand Total: 44 creatures vanquished

Notes
Turn   | Place    | Note
-------+----------+-------------------------------------------
     0 | D:1      | karrick the Gnoll Summoner began the quest for the Orb.
     0 | D:1      | Reached XP level 1. HP: 13/13 MP: 6/6
   337 | D:1      | Reached XP level 2. HP: 18/19 MP: 3/7
   576 | D:1      | Learned a level 2 spell: Call Imp
   881 | D:1      | Found a faded altar of an unknown god.
  1258 | D:2      | Reached XP level 3. HP: 21/25 MP: 6/9
  1388 | D:2      | Reached skill level 5 in Spellcasting
  1528 | D:2      | Learned a level 3 spell: Call Canine Familiar
  2270 | D:3      | Reached skill level 1 in Invocations
  2392 | D:3      | Reached skill level 1 in Fighting
  2392 | D:3      | Reached skill level 1 in Short Blades
  2392 | D:3      | Reached skill level 1 in Long Blades
  2392 | D:3      | Reached skill level 1 in Axes
  2392 | D:3      | Reached skill level 1 in Maces & Flails
  2392 | D:3      | Reached skill level 1 in Polearms
  2392 | D:3      | Reached skill level 1 in Staves
  2392 | D:3      | Reached skill level 1 in Slings
  2392 | D:3      | Reached skill level 1 in Bows
  2392 | D:3      | Reached skill level 1 in Crossbows
  2392 | D:3      | Reached skill level 1 in Throwing
  2392 | D:3      | Reached skill level 1 in Armour
  2392 | D:3      | Reached skill level 1 in Shields
  2392 | D:3      | Reached skill level 1 in Unarmed Combat
  2392 | D:3      | Reached skill level 1 in Evocations
  2500 | D:3      | Killed from afar by an orc priest

Illustrated notes

Levels and vault maps discovered:
D:1:      beargit_arrival_greenhouse, layout_rooms,
          hellmonk_ecumenical_altar_dog_temple
D:2:      layout_loops_ring
D:3:      layout_basic, tgw_sif, serial_shops, shop, grunt_decor_cap,
          minmay_checkerbox

Skill      XL: |  1  2  3 |
---------------+----------+-----
Spellcasting   | 5 |  5.0
Invocations    | 1 |  1.1
Fighting       | 1 |  1.0
Short Blades   | 1 |  1.0
Long Blades    | 1 |  1.0
Axes           | 1 |  1.0
Maces & Flails | 1 |  1.0
Polearms       | 1 |  1.0
Staves         | 1 |  1.0
Slings         | 1 |  1.0
Bows           | 1 |  1.0
Crossbows      | 1 |  1.0
Throwing       | 1 |  1.0
Armour         | 1 |  1.0
Shields        | 1 |  1.0
Unarmed Combat | 1 |  1.0
Evocations     | 1 |  1.0
Dodging        | |  4.6
Stealth        | |  4.2
Conjurations   | |  0.7
Hexes          | |  0.7
Summonings     | |  7.1
Necromancy     | |  0.7
Translocations | |  0.7
Transmutations | |  0.7
Fire Magic     | |  0.7
Ice Magic      | |  0.7
Air Magic      | |  0.7
Earth Magic    | |  0.7
Poison Magic   | |  0.7

Action                   || total
-------------------------++-------
Melee: Dagger            ||    99
       Unarmed           ||     8
       Bite              ||     8
 Cast: Summon Small Mamm ||    29
       Call Imp          ||     9
       Call Canine Famil ||     4
 Stab: Distracted        ||     1
       Sleeping          ||     7
Armor: Robe              ||    25
Dodge: Dodged            ||    85

Table legend: (Time is in decaauts)
 A = Elapsed time spent in this place.
 B = Non-inter-level travel time spent in this place.
 C = Inter-level travel time spent in this place.
 D = Time resting spent in this place.
 E = Time spent auto-exploring this place.
 F = Levels seen in this place.
 G = Mean time per level.
                   A        B        C        D        E       F      G
               +--------+--------+--------+--------+--------+-----+--------+
         Total |   2496 |   2437 |     59 |      0 |   2126 |   3 |  832.0 |
       Dungeon |   2496 |   2437 |     59 |      0 |   2126 |   3 |  832.0 |
               +--------+--------+--------+--------+--------+-----+--------+

Top non-repeatable levels by time:
     D:1: 1248 daAuts
     D:2: 1016 daAuts
     D:3: 231 daAuts
